 Dungeon Crawl Stone Soup version 0.28-a0-1395-g4f6bc678fa (webtiles) character file.

Game seed: 13485652267537774553

20168 oldriver the Fighter (level 12, -7/84 HPs)
             Began as a Gargoyle Fighter on Jan 5, 2022.
             Was an Initiate of Gozag.
             Mangled by a six-headed hydra (10 damage)
             ... on level 3 of the Lair of Beasts.
             The game lasted 00:22:01 (18740 turns).

oldriver the Fighter (Gargoyle Fighter)            Turns: 18740, Time: 00:22:02

Health: -7/84      AC: 30    Str: 26    XL:     12   Next: 76%
Magic:  0/21       EV: 11    Int:  8    God:    Gozag
Gold:   761        SH:  7    Dex:  9    Spells: 11/11 levels left

rFire   . . .      SeeInvis .   m - +1 whip (chaos)
rCold   . . .      Faith    .   c - +1 buckler
rNeg    + . .      Spirit   +   J - +2 plate armour {Will+}
rPois   ∞          Reflect  .   (no helmet)
rElec   +          Harm     .   E - scarf {repulsion}
rCorr   .          Rampage  +   I - +0 pair of gloves
Will    +....                   e - +2 pair of boots {rampage}
Stlth   ..........              b - amulet of guardian spirit
HPRegen 0.24/turn               j - ring of magical power
MPRegen 0.17/turn               n - +4 ring of evasion

@: marked, repel missiles
A: sickness immunity, AC +8, negative energy resistance 1, electricity
resistance, torment resistance 1, petrification resistance
a: Renounce Religion, Potion Petition, Call Merchant, Bribe Branch


You were on level 3 of the Lair of Beasts.
You worshipped Gozag.
Gozag was pleased with you.
You visited 2 branches of the dungeon, and saw 14 of its levels.
You also visited: Bailey.

You collected 2541 gold pieces.
You spent 187 gold pieces at shops.
You paid 1593 gold pieces to Gozag.

Inventory:

Hand Weapons
 m - a +1 whip of chaos (weapon)
Missiles
 a - a throwing net (quivered)
Armour
 c - a +1 buckler (worn)
 e - a +2 pair of boots of rampaging (worn)
 E - a scarf of repulsion (worn)
 I - a +0 pair of gloves (worn)
 J - a +2 plate armour of willpower (worn)
Jewellery
 b - an amulet of guardian spirit (around neck)
 j - a ring of magical power (left hand)
 n - a +4 ring of evasion (right hand)
Wands
 r - a wand of iceblast (1)
 t - a wand of digging (3)
 x - a wand of polymorph (21)
 C - a wand of mindburst (10)
 D - a wand of flame (2)
Scrolls
 d - 10 scrolls of identify
 g - 3 scrolls of noise
 o - 6 scrolls of teleportation
 v - a scroll of fog
 y - 2 scrolls of silence
 A - 2 scrolls of magic mapping
 G - 2 scrolls of enchant armour
 H - a scroll of immolation
Potions
 f - 3 potions of flight
 h - 3 potions of curing
 i - 3 potions of heal wounds
 k - a potion of mutation {unknown}
 l - 4 potions of haste
 p - 2 potions of lignification
 q - 3 potions of magic
 s - a potion of might
 u - a potion of degeneration
 w - a potion of cancellation {unknown}
 z - 4 potions of ambrosia
 B - 2 potions of brilliance


   Skills:
 * Level 13.5 Fighting
 * Level 12.3 Maces & Flails
 + Level 9.9 Armour
 + Level 10.0 Shields


You had 11 spell levels left.
You didn't know any spells.
Your spell library contained the following spells:

 Spells                   Type           Power      Damage    Failure   Level
 Animate Skeleton         Necr           0%         N/A       99%         1
 Apportation              Tloc           0%         N/A       99%         1
 Pain                     Necr           0%         1d4       99%         1
 Summon Small Mammal      Summ           0%         N/A       99%         1
 Blink                    Tloc           0%         N/A       99%         2
 Wereblood                Tmut           0%         N/A       99%         2
 Call Canine Familiar     Summ           0%         N/A       100%        3
 Frozen Ramparts          Ice            0%         1d2       100%        3
 Gell's Gravitas          Tloc           0%         N/A       100%        3
 Lesser Beckoning         Tloc           0%         N/A       100%        3
 Portal Projectile        Hex/Tloc       0%         N/A       100%        3
 Teleport Other           Tloc           0%         N/A       100%        3
 Vampiric Draining        Necr           0%         2d6       100%        3
 Fulminant Prism          Conj/Hex       0%         3d6       100%        4
 Ice Form                 Ice/Tmut       0%         N/A       100%        4
 Iskenderun's Mystic Bla  Conj/Tloc      0%         2d3       100%        4
 Leda's Liquefaction      Hex/Erth       0%         N/A       100%        4
 Sticky Flame             Conj/Fire      0%         2d3       100%        4
 Summon Ice Beast         Ice/Summ       0%         N/A       100%        4
 Summon Lightning Spire   Summ/Air       0%         N/A       100%        4
 Lee's Rapid Deconstruct  Erth           0%         3d5*      100%        5
 Manifold Assault         Tloc           0%         N/A       100%        5
 Summon Forest            Summ/Tloc      0%         N/A       100%        5
 Conjure Ball Lightning   Conj/Air       0%         3x3d6     100%        6
 Dispersal                Tloc           0%         N/A       100%        6
 Eringya's Noxious Bog    Tmut/Pois      0%         N/A       100%        6
 Storm Form               Tmut/Air       0%         N/A       100%        7
 Summon Hydra             Summ           0%         N/A       100%        7
 Maxwell's Capacitive Co  Air            0%         ∞         100%        8
 Fire Storm               Conj/Fire      0%         5d1       100%        9
 Sublimation of Blood     Necr           Unusable   N/A       N/A         2

Dungeon Overview and Level Annotations

Branches:
Dungeon (11/15)            Temple (0/1) D:7            Lair (3/6) D:10
 Bailey (visited)
  Swamp: Lair:2-4    Shoals: Lair:2-4     Snake: Lair:2-4    Spider: Lair:2-4
    Orc: D:9-12

Altars:
Ashenzari
Fedhas
Gozag
Hepliaklqana
Makhleb
Uskayaw
Vehumet
Zin
The Shining One
Beogh
Jiyva

Shops:
D:2 ?   D:6 (   D:7 (   Lair:1 ([

Annotations:
D:7 3 runed translucent doors, AigisTheKnight's ghost, novice DsTm
D:8 Harold
D:11 Josephine
Lair:2 3 runed translucent doors, Pegaph's ghost, journeyman PaAM


Innate Abilities, Weirdness & Mutations

You are immune to sickness and miasma.
Your stone body is resilient. (AC +8)
You are immune to poison.
You resist negative energy. (rN+)
You are resistant to electric shocks. (rElec)
You are resistant to unholy torment.
You are immune to petrification.


Message History

The yak closely misses you. The water moccasin closely misses you.
The cane toad barely misses you.
You hit something. You burn something. You block the black mamba's attack.
The blink frog blinks!
You hear a bellow!
Something misses the wyvern.
The blink frog blinks!
The yak gores you but does no damage. The cane toad closely misses you.
You hit something but do no damage.
Nothing appears to happen.
The black mamba closely misses you.
The water moccasin bites you but does no damage.
You block the cane toad's attack. The yak barely misses you.
The blink frog blinks!
The komodo dragon hisses menacingly.
The yak gores you.
There is a stone staircase leading up, spattered with blood here.
You hit the cane toad. You burn the cane toad.
The cane toad is lightly wounded.
The six-headed hydra barely misses you. The six-headed hydra bites you!
The six-headed hydra closely misses you.
The six-headed hydra bites you.
* * * LOW HITPOINT WARNING * * *
The six-headed hydra bites you!
* * * LOW HITPOINT WARNING * * *
You block the six-headed hydra's attack.
The cane toad misses you. The black mamba barely misses you.
The blink frog blinks!
You block the water moccasin's attack. The black mamba bites you.
* * * LOW HITPOINT WARNING * * *
The cane toad stings you!
* * * LOW HITPOINT WARNING * * *
The wyvern barely misses you.
The blink frog blinks!
The yak misses you. The cane toad barely misses you.
The six-headed hydra bites you but does no damage. x2
The six-headed hydra bites you.
* * * LOW HITPOINT WARNING * * *
The six-headed hydra barely misses you. The six-headed hydra bites you.
* * * LOW HITPOINT WARNING * * *
The six-headed hydra bites you!
You die...
Your body crumbles into a pile of gold.

..## #######..#..#....#
.## #.............##.. $
.# #.......F.........#
.### #..................
...###..................
..............§F...#....
....F§.....F..Dl.......
..........FF..SDlF.#..
###.##......lsYY@..#...
#####.......lFSS......
##.....FkkF..#....
##P.P.#####P# ... #.P..#
## .. #....# #......
##...... ####P


You could see a six-headed hydra, 2 komodo dragons, a black mamba, 2 yaks, 4
cane toads, 4 blink frogs, 2 rime drakes, a steam dragon, a tarantella, 2 water
moccasins, 2 wyverns and a bullfrog.

Vanquished Creatures
  2 vault guards (Bailey)
  2 two-headed ogres
  2 death yaks (Lair:2)
  Pikel (D:5)
  A harpy (shapeshifter) (Lair:2)
  A black mamba (Lair:1)
  The ghost of flotson the Ducker, a novice DsGl of Ashenzari (D:4)
  A rime drake (Lair:2)
  A kobold demonologist (D:9)
  4 cane toads
  3 komodo dragons
  Prince Ribbit (Bailey)
  4 blink frogs (Lair:2)
  2 steam dragons (D:7)
  5 humans (Bailey)
  15 yaks
  2 vampires
  4 wyverns
  2 wraiths (D:10)
  Grum (D:8)
  A swamp worm (Lair:2)
  8 water moccasins
  An acid dragon (D:11)
  2 ice beasts
  A sky beast (D:7)
  A black bear (D:5)
  A necrophage (D:6)
  An ogre (D:6)
  6 orc warriors
  2 centaurs
  3 wolves (D:8)
  3 gnoll sergeants
  7 scorpions
  14 bullfrogs
  A wyvern skeleton (D:7)
  4 wights (D:9)
  12 killer bees
  4 howler monkeys
  4 centaur zombies
  A bullfrog skeleton (D:7)
  A hound (D:3)
  A jelly (D:6)
  4 orc priests
  5 iguanas
  6 orc wizards
  A scorpion zombie (D:5)
  A howler monkey zombie (D:6)
  19 gnolls
  10 adders
  2 shadow imps
  2 white imps (D:7)
  2 ufetubi (D:5)
  An adder zombie (D:5)
  3 dart slugs
  41 orcs
  8 endoplasms
  3 giant cockroaches
  8 goblins
  9 hobgoblins
  8 kobolds
  5 quokkas
  6 ball pythons
  8 bats
  2 frilled lizards (D:1)
  6 rats
294 creatures vanquished.

Vanquished Creatures (collateral kills)
  2 wraiths (D:10)
  A killer bee (D:9)
3 creatures vanquished.

Vanquished Creatures (others)
  Maurice (D:8)
  A wraith (D:10)
  12 fungi
  2 plants
16 creatures vanquished.

Grand Total: 313 creatures vanquished

Notes
Turn   | Place    | Note
-------+----------+-------------------------------------------
     0 | D:1      | oldriver the Gargoyle Fighter began the quest for the Orb.
     0 | D:1      | Reached XP level 1. HP: 14/14 MP: 1/1
   432 | D:1      | Reached XP level 2. HP: 18/19 MP: 2/2
   971 | D:2      | You fall into a shaft and drop 1 floor!
   971 | D:3      | Noticed an ice beast
   971 | D:3      | Found a hide-covered altar of Uskayaw.
   997 | D:3      | Killed an ice beast
   998 | D:3      | Reached skill level 4 in Fighting
   998 | D:3      | Reached XP level 3. HP: 3/24 MP: 2/3
   998 | D:3      | Reached XP level 4. HP: 4/30 MP: 2/4
  1334 | D:3      | Reached XP level 5. HP: 27/34 MP: 5/5
  2205 | D:2      | Found Laeniw's Magic Scroll Shop.
  2279 | D:2      | Reached XP level 6. HP: 36/40 MP: 6/6
  2325 | D:2      | Found a glowing golden altar of the Shining One.
  2559 | D:2      | Found a faded altar of an unknown god.
  2652 | D:4      | Reached skill level 5 in Fighting
  2727 | D:4      | Found a glowing silver altar of Zin.
  3455 | D:4      | Reached XP level 7. HP: 19/45 MP: 7/7
  4055 | D:5      | Entered Level 5 of the Dungeon
  4087 | D:5      | Found a runed translucent gate.
  4087 | D:5      | Found a runed translucent gate.
  4087 | D:5      | Found a runed translucent gate.
  4088 | D:5      | Found an opulent altar of Gozag.
  4096 | D:5      | Noticed flotson's ghost (novice DsGl)
  4098 | D:5      | Noticed a two-headed ogre
  4124 | D:5      | Got the Tome of Attacks
  4369 | D:5      | Reached skill level 6 in Fighting
  4743 | D:5      | Reached skill level 5 in Maces & Flails
  4854 | D:5      | Noticed Pikel
  4876 | D:5      | Killed Pikel
  4877 | D:5      | Reached skill level 7 in Fighting
  4877 | D:5      | Reached skill level 5 in Armour
  4877 | D:5      | Reached skill level 5 in Shields
  4877 | D:5      | Reached XP level 8. HP: 34/53 MP: 8/8
  6002 | D:6      | Reached XP level 9. HP: 51/59 MP: 9/9
  6214 | D:4      | Killed flotson's ghost
  6215 | D:4      | Reached skill level 8 in Fighting
  6405 | D:5      | Became a worshipper of Gozag Ym Sagoz the Greedy
  6524 | D:6      | Found a burning altar of Makhleb.
  6726 | D:6      | Found a radiant altar of Vehumet.
  6925 | D:6      | Found Eqiutaly's Weapon Boutique.
  7545 | D:7      | Reached skill level 9 in Fighting
  7752 | D:7      | Found an opulent altar of Gozag.
  7982 | D:7      | Found a runed translucent gate.
  7982 | D:7      | Found a runed translucent gate.
  8152 | D:7      | Found a staircase to the Ecumenical Temple.
  8259 | D:7      | Reached XP level 10. HP: 46/66 MP: 10/10
  8547 | D:7      | Found Ziat's Firing Range.
  8553 | D:7      | Found a runed translucent gate.
  8560 | D:7      | Noticed AigisTheKnight's ghost (novice DsTm)
  9346 | D:8      | Noticed a two-headed ogre
  9363 | D:8      | Killed a two-headed ogre
  9433 | D:8      | Noticed Harold
  9946 | D:8      | Reached skill level 10 in Fighting
 10151 | D:8      | Noticed Maurice
 10219 | D:8      | Killed Maurice
 10417 | D:8      | Noticed Grum
 10507 | D:8      | Killed Grum
 11217 | D:9      | Found a glowing golden altar of the Shining One.
 11219 | D:9      | Found a hazy altar of Hepliaklqana.
 11220 | D:9      | Found a broken altar of Ashenzari.
 11413 | D:9      | Noticed a kobold demonologist
 11428 | D:9      | Noticed a sixfirhy
 11428 | D:9      | Killed a kobold demonologist
 11441 | D:9      | Found a flagged portal.
 11462 | Bailey   | Entered a bailey
 11648 | Bailey   | Reached XP level 11. HP: 69/73 MP: 11/11
 11670 | Bailey   | Reached skill level 11 in Fighting
 11754 | Bailey   | Noticed Prince Ribbit
 11754 | Bailey   | Noticed a vault guard
 11789 | Bailey   | Killed Prince Ribbit
 11807 | Bailey   | Killed a vault guard
 11808 | Bailey   | Reached skill level 10 in Maces & Flails
 12157 | Bailey   | Noticed a vault guard
 12194 | Bailey   | Killed a vault guard
 13204 | D:10     | Entered Level 10 of the Dungeon
 13525 | D:10     | Found a staircase to the Lair.
 13696 | D:10     | Reached skill level 12 in Fighting
 14801 | Lair:1   | Entered Level 1 of the Lair of Beasts
 14826 | Lair:1   | Found a blossoming altar of Fedhas.
 15268 | Lair:1   | Reached XP level 12. HP: 61/82 MP: 12/12
 15745 | Lair:1   | You fall into a shaft and drop 1 floor!
 16112 | Lair:1   | Bought a shiny chain mail for 187 gold pieces
 16142 | Lair:2   | Found a runed translucent gate.
 16142 | Lair:2   | Found a runed translucent gate.
 16142 | Lair:2   | Found a runed translucent gate.
 16211 | Lair:2   | Noticed Pegaph's ghost (journeyman PaAM)
 16253 | Lair:2   | Noticed a death yak
 16470 | Lair:2   | Found a viscous altar of Jiyva.
 16557 | Lair:2   | Noticed a death yak
 16589 | Lair:2   | Killed a death yak
 16880 | Lair:2   | Reached skill level 13 in Fighting
 17108 | Lair:2   | Killed a death yak
 17804 | D:11     | Noticed a two-headed ogre
 17898 | D:10     | Killed a two-headed ogre
 18164 | D:11     | Noticed a centaur warrior
 18180 | D:10     | Reached skill level 10 in Shields
 18252 | D:11     | Noticed Josephine
 18725 | Lair:3   | Noticed a six-headed hydra
 18740 | Lair:3   | HP: 4/84 [six-headed hydra (5)]
 18740 | Lair:3   | Mangled by a six-headed hydra

Illustrated notes

Levels and vault maps discovered:
D:1:      roderic_crossed_star, layout_rooms
D:2:      layout_rooms, basic_altar, hellmonk_ecumenical_altar_leap_of_faith,
          serial_shops, nicolae_shop_hallway_plus
D:3:      layout_loops_ring, mainiacjoe_overflow_chevrons,
          kennysheep_generic_room_4
D:4:      layout_basic, zin_statuary, gup_sewer_entry_bubbles,
          skrybe_limestone_x
D:5:      layout_gridville, ebering_ghost_gozag, uniq_pikel
D:6:      old_forge, layout_loops_ring, lemuel_coloured_pillars_altar,
          mainiacjoe_overflow_alcove_2, serial_shops, nicolae_shop_stone
D:7:      layout_basic, nicolae_overflow_crystal_walls,
          minmay_temple_entry_wispy, gammafunk_ghost_necromancy,
          nicolae_shop_firing_range
D:8:      layout_gridville, nzn_life_drinkers, uniq_maurice, uniq_grum,
          uniq_harold
D:9:      layout_stronghold, minitemple, enter_bailey_3
D:10:     layout_roguey [special_room_orc], lair_entry_dummy
D:11:     layout_cave_pools, orc_0_dummy, uniq_josephine
Lair:1:   layout_hall_layers, basic_altar, beast_lair_carwin_2,
          infiniplex_staircase_pool_2
Lair:2:   layout_misc_corridors, gammafunk_ghost_ooze
Lair:3:   layout_gridlike, minmay_snake_entry_guardpost_medium,
          spider_nest_entry_rubble, grunt_megastairs_1, serial_bayou_shore_b

Skill      XL: |  1  2  3  4  5  6  7  8  9 10 11 12 |
---------------+-------------------------------------+-----
Fighting       | 4 5 7 9 10 12 13 | 13.5
Maces & Flails | 3 4 5 6 8 9 11 12 | 12.3
Armour         | 4 5 6 8 9 |  9.9
Shields        | 4 5 6 7 8 9 10 | 10.0

Action                   |  1- 3 |  4- 6 |  7- 9 | 10-12 || total
-------------------------+-------+-------+-------+-------++-------
Melee: Flail             |    63 |   248 |   525 |    59 ||   895
       Whip              |       |       |       |  1402 ||  1402
Throw: Throwing net      |       |       |       |     2 ||     2
Invok: Potion Petition   |       |       |       |     1 ||     1
       Call Merchant     |       |       |       |     2 ||     2
  Use: Potion            |     1 |     5 |       |     2 ||     8
       Scroll            |       |     5 |     6 |    11 ||    22
 Stab: Distracted        |       |       |       |     2 ||     2
Armor: Scale mail        |    29 |       |       |       ||    29
       Chain mail        |    12 |   199 |   291 |   440 ||   942
       Plate armour      |       |       |       |   125 ||   125
Dodge: Dodged            |    25 |   129 |   250 |   532 ||   936
       Repelled          |       |       |       |     1 ||     1
Block: Buckler           |    10 |    82 |   165 |   365 ||   622

Table legend: (Time is in decaauts)
 A = Elapsed time spent in this place.
 B = Non-inter-level travel time spent in this place.
 C = Inter-level travel time spent in this place.
 D = Time resting spent in this place.
 E = Time spent auto-exploring this place.
 F = Levels seen in this place.
 G = Mean time per level.
                   A        B        C        D        E       F      G
               +--------+--------+--------+--------+--------+-----+--------+
         Total |  18305 |  17085 |   1220 |   4021 |   9058 |  15 | 1220.3 |
       Dungeon |  14594 |  13481 |   1113 |   2513 |   7745 |  11 | 1326.7 |
          Lair |   2895 |   2788 |    107 |   1193 |   1047 |   3 |  965.0 |
        Bailey |    815 |    815 |      0 |    315 |    266 |   1 |  815.0 |
               +--------+--------+--------+--------+--------+-----+--------+

Top non-repeatable levels by time:
     D:7: 2371 daAuts
    D:10: 1931 daAuts
     D:4: 1721 daAuts
     D:5: 1695 daAuts
  Lair:1: 1583 daAuts
     D:8: 1474 daAuts
     D:9: 1428 daAuts
  Lair:2: 1247 daAuts
     D:6: 1229 daAuts
     D:3: 1206 daAuts
     D:1: 985 daAuts
  Bailey: 815 daAuts
     D:2: 476 daAuts
    D:11: 73 daAuts
  Lair:3: 63 daAuts
